 Dungeon Crawl Stone Soup version 0.30.0-11-gf55b779eaf (webtiles) character file.

Game seed: 18180191829125797839

331 hikkokomori the Digger (level 6, -1/32 HPs)
             Began as a Gargoyle Earth Elementalist on May 17, 2023.
             Slain by an iguana (4 damage)
             ... on level 4 of the Dungeon.
             The game lasted 00:06:00 (3426 turns).

hikkokomori the Digger (GrEE)                       Turns: 3426, Time: 00:06:01

Health: -1/32      AC:  8    Str: 12    XL:     6   Next: 52%
Magic:  2/10       EV: 12    Int: 17    God:
Gold:   241        SH:  0    Dex: 10    Spells: 7/11 levels left

rFire   . . .        n - +2 falchion (elec)
rCold   . . .        (no shield)
rNeg    + + .        a - +0 robe
rPois   ∞            o - +0 helmet
rElec   +            (no cloak)
rCorr   .            m - +0 pair of gloves
SInv    .            (no boots)
Will    .....        i - amulet of the acrobat
Stlth   ++           t - ring of positive energy
HPRegen 0.25/turn    (no ring)
MPRegen 0.12/turn

%: acrobat
@: no status effects
A: sickness immunity, AC +4, negative energy resistance 1, electricity
resistance, torment resistance 1, petrification resistance
a: no special abilities


You were on level 4 of the Dungeon.
You visited 1 branch of the dungeon, and saw 4 of its levels.

You collected 241 gold pieces.

Inventory:

Hand Weapons
 n - a +2 falchion of electrocution (weapon)
 v - a +2 morningstar of distortion
Armour
 a - a +0 robe (worn)
 m - a +0 pair of gloves (worn)
 o - a +0 helmet (worn)
Jewellery
 i - an amulet of the acrobat (around neck)
 t - a ring of positive energy (left hand)
 y - an amulet of reflection
Wands
 p - a wand of roots (3)
 r - a wand of polymorph (13)
Scrolls
 c - 3 scrolls of silence
 f - 4 scrolls of teleportation
 g - 3 scrolls of blinking {unknown}
 k - a scroll of noise
 l - a scroll of acquirement {unknown}
 s - a scroll of amnesia {unknown}
 u - a scroll of identify {unknown}
 w - a scroll of enchant weapon {unknown}
Potions
 b - 3 potions of magic
 d - 2 potions of resistance {unknown}
 e - 3 potions of curing {unknown}
 h - a potion of lignification {unknown}
 j - 2 potions of heal wounds {unknown}
 q - a potion of haste {unknown}
 x - a potion of might {unknown}
 z - a potion of mutation {unknown}


   Skills:
 + Level 0.0 Fighting
 - Level 2.8 Dodging
 - Level 4.0 Stealth
 - Level 3.2 Spellcasting
 + Level 0.1 Conjurations
 - Level 2.2 Transmutations
 + Level 5.0 Earth Magic
 + Level 0.0 Evocations


You had 7 spell levels left.
You knew the following spells:

 Your Spells              Type           Power      Damage    Failure   Level
a - Sandblast             Erth           38%        2d10      2%          1
b - Stone Arrow           Conj/Erth      22%        3d8       19%         3

Your spell library contained the following spells:

 Spells                   Type           Power      Damage    Failure   Level
 Passwall                 Tmut/Erth      12%        N/A       6%          2
 Wereblood                Tmut           10%        N/A       11%         2
 Lesser Beckoning         Tloc           4%         N/A       26%         2
 Petrify                  Tmut/Erth      15%        N/A       36%         4
 Gell's Gravitas          Tloc           2%         N/A       45%         3
 Teleport Other           Tloc           2%         N/A       45%         3
 Summon Hydra             Summ           1%         N/A       100%        7
 Sublimation of Blood     Necr           Unusable   N/A       N/A         2

Dungeon Overview and Level Annotations

Branches:
Dungeon (4/15)
 Temple: D:4-7

Altars:

Annotations:
D:2 Natasha
D:3 3 runed translucent doors, ojifijod's ghost, amateur MeGl


Innate Abilities, Weirdness & Mutations

You are immune to sickness and miasma.
Your stone body is resilient. (AC +4)
You are immune to poison.
You resist negative energy. (rN+)
You are resistant to electric shocks. (rElec)
You are resistant to unholy torment.
You are immune to petrification.


Message History

The iguana is heavily wounded.
The iguana closely misses you.
The blast of sand hits the iguana but does no damage.
The iguana is heavily wounded.
The iguana closely misses you. x2
The blast of sand hits the iguana but does no damage.
The iguana is heavily wounded.
The iguana bites you!
The blast of sand hits the iguana but does no damage.
The iguana is heavily wounded.
The iguana bites you! The iguana bites you.
You are too injured to fight recklessly!
Casting: Sandblast (safe; 2% risk of failure)
Confirm with . or Enter, or press ? or * to list all spells.
Okay, then.
You hit the iguana.
The iguana is almost dead.
The iguana bites you but does no damage.
Unknown command.
You closely miss the iguana.
The iguana is almost dead.
The iguana bites you but does no damage.
You hit the iguana but do no damage.
The iguana is almost dead.
The iguana bites you. The iguana bites you!
* * * LOW HITPOINT WARNING * * *
Unknown command.
Casting: Sandblast (safe; 2% risk of failure)
Confirm with . or Enter, or press ? or * to list all spells.
Aiming: Sandblast (safe; 2% risk of failure)
Press: ? - help, Shift-Dir - straight line, f/p - iguana
Aim: an iguana (almost dead, 84% to hit)
The blast of sand hits the iguana but does no damage.
The iguana is almost dead.
The iguana barely misses you.
Unknown command.
You hit the iguana.
The iguana is almost dead.
The iguana bites you.
You die...

. .## #....#
#..#.# #.g#.#
#..#.# #..#l#
#..#@# .#
#..#)#.# .#
#......# .##
#.####..... #.#
###.#
#####.######..#
#..).........#
#.###.#####..#
#.# #.# #..##
###


You could see an iguana.

Vanquished Creatures
  A centaur (D:4)
  A howler monkey (D:4)
  An orc priest (D:3)
  An iguana (D:4)
  Robin (D:2)
  3 adders
  4 worms
  19 orcs
  6 ball pythons
  9 endoplasms
  A giant cockroach (D:4)
  18 goblins
  6 hobgoblins
  3 jackals
  3 quokkas
  4 bats
  2 frilled lizards
  3 kobolds (D:1)
  7 rats
93 creatures vanquished.

Notes
Turn   | Place    | Note
-------+----------+-------------------------------------------
     0 | D:1      | hikkokomori the Gargoyle Earth Elementalist began the quest
                  | for the Orb.
     0 | D:1      | Reached XP level 1. HP: 10/10 MP: 3/3
   168 | D:1      | Reached skill level 1 in Transmutations
   168 | D:1      | Reached XP level 2. HP: 15/15 MP: 3/5
   685 | D:2      | Reached XP level 3. HP: 19/19 MP: 4/6
   759 | D:2      | Reached skill level 4 in Earth Magic
   942 | D:2      | Noticed Robin
   946 | D:2      | Noticed Natasha
  1112 | D:2      | Reached XP level 4. HP: 24/24 MP: 4/7
  1497 | D:2      | Killed Robin
  1994 | D:3      | Reached XP level 5. HP: 28/28 MP: 1/9
  2445 | D:3      | Found a runed translucent gate.
  2446 | D:3      | Found a runed translucent gate.
  2446 | D:3      | Found a runed translucent gate.
  2453 | D:3      | Noticed ojifijod's ghost (amateur MeGl)
  3302 | D:4      | Noticed an ogre
  3315 | D:4      | an ogre changed into a centaur
  3315 | D:4      | Noticed a centaur
  3320 | D:4      | Killed a centaur
  3321 | D:4      | Reached XP level 6. HP: 32/32 MP: 5/10
  3373 | D:4      | Reached skill level 5 in Earth Magic
  3377 | D:4      | Learned a level 3 spell: Stone Arrow
  3426 | D:4      | Slain by an iguana

Illustrated notes

Levels and vault maps discovered:
D:1:      minmay_arrival_shoal_huts, layout_rooms, minmay_pentomino_w4
D:2:      layout_loops_corners, uniq_natasha, uniq_robin
D:3:      layout_loops_corners, ebering_ghost_rock_garden
D:4:      layout_loops_ring, cheibriados_altar_1

Skill      XL: |  1  2  3  4  5  6 |
---------------+-------------------+-----
Transmutations | 1 2 |  2.2
Earth Magic    | 4 5 |  5.0
Dodging        | 2 |  2.8
Stealth        | 3 4 |  4.0
Spellcasting   | 3 |  3.2
Conjurations   | |  0.1

Action                     |  1- 3 |  4- 6 || total
---------------------------+-------+-------++-------
  Melee: Unarmed           |    29 |       ||    29
         Falchion          |       |    13 ||    13
   Cast: Sandblast         |    43 |    92 ||   135
  Evoke: Wand              |       |     1 ||     1
    Use: Scroll            |     2 |     1 ||     3
 Armour: Robe              |    25 |    17 ||    42
  Dodge: Dodged            |    50 |    33 ||    83
